cohdb
Replays
Latest Replays
All Replays
Popular Replays
Top Player Replays
Match Explorer
How It Works
Community
CoH3 Stats
Reddit
Sign in to upload your games and track your stats! →
Sign in with Steam
Match 25734727
Unlisted
Match 25734727
Overview
Messages
Build Orders
End
Construct Section Command Post
Infantry Section
Infantry Section
Dingo Light Scout Car
Selects Indian Artillery Battlegroup
Selects Towed ML 4.2-inch Heavy Mortar
Towed ML 4.2-inch Heavy Mortar
Construct Platoon Command Post
6-pounder Anti-tank Gun Team
Grenade Package
Selects War Cry
Selects Gurkha Rifles Section
Selects Off-map Airburst Barrage
6-pounder Anti-tank Gun Team
Construct Company Command Post
SneaKerz
gb_gbg
ИNK
♛SKILF♛
0
0
Comments
sign in to comment!
No comments posted yet!